 Dungeon Crawl Stone Soup version 0.25-a0-474-ga8a2ee3166 (webtiles) character file.

Game seed: 4192488737838037216, levelgen mode: deterministic

2 vurker the Gusty (level 1, 0/7 HPs)
             Began as a Felid Air Elementalist on Feb 7, 2020.
             Slain by a hobgoblin
             ... wielding a +0 club
              (2 damage)
             ... on level 1 of the Dungeon.
             The game lasted 00:00:42 (438 turns).

vurker the Gusty (Felid Air Elementalist)            Turns: 438, Time: 00:00:43

Health: 0/7        AC:  1    Str:  4    XL:     1   Next: 25%
Magic:  0/4        EV: 18    Int: 16    God:
Gold:   13         SH:  0    Dex: 16    Spells: 3/4 levels left
                                        Lives:  0   Deaths: 0

rFire    . . .     SeeInvis +   (weapon unavailable)
rCold    . . .     Gourm    .   (shield unavailable)
rNeg     . . .     Faith    .   (armour unavailable)
rPois    .         Spirit   .   (helmet unavailable)
rElec    .         Reflect  .   (cloak unavailable)
rCorr    .         Harm     .   (gloves unavailable)
MR       .....                  (boots unavailable)
Stlth    +++.......             (no amulet)
HPRegen  0.02/turn              (no ring)
MPRegen  0.09/turn              (no ring)

@: very slightly contaminated, quick
A: very small, no armour, no weapons or thrown items, stealth, claws 1, fangs 3,
see invisible, carnivore, speed 1, shaggy fur 1, slow metabolism 1, sharp paws
a: no special abilities


You were on level 1 of the Dungeon.
You were full.

You visited 1 branch of the dungeon, and saw 2 of its levels.

You collected 13 gold pieces.

Inventory:

Scrolls
 b - a scroll of identify {unknown}
Potions
 a - a potion of brilliance {unknown}
Comestibles
 e - a ration


   Skills:
 + Level 0.0 Fighting
 - Level 2.6 Dodging
 - Level 2.6 Stealth
 * Level 2.0 Spellcasting
 * Level 1.0 Conjurations
 * Level 2.7 Air Magic


You had 3 spell levels left.
You knew the following spells:

 Your Spells              Type           Power        Failure   Level  Hunger
a - Shock                 Conj/Air       #...         10%         1    #......

Your spell library contained the following spells:

 Spells                   Type           Power        Failure   Level  Hunger
 Swiftness                Chrm/Air       #.......     19%         2    ###....
 Static Discharge         Conj/Air       #.......     28%         3    ###....
 Airstrike                Air            ##........   56%         4    #####..
 Lightning Bolt           Conj/Air       #.........   95%         5    ######.


Dungeon Overview and Level Annotations

Branches:
Dungeon (2/15)

Altars:
The Shining One


Innate Abilities, Weirdness & Mutations

You cannot wear armour.
You are incapable of wielding weapons or throwing items.
Your paws allow you to move quietly. (Stealth)
You have sharp claws.
You have razor-sharp teeth.
You have supernaturally acute eyesight. (SInv)
You are carnivorous and can eat meat at any time.
You cover ground quickly.
You are covered in fur. (AC +1)
You have a slow metabolism.
Your sharp claws are effective at attacking unaware monsters.


Message History

The zap hits the goblin. x2
You don't have enough magic to cast that spell.
Your magical contamination has completely faded away.
A hobgoblin comes into view. It is wielding a +0 club.
You open the door.
Found a glowing golden altar of the Shining One.
There is an open door here.
There's a creature in the doorway!
The zap misses the goblin.
The goblin completely misses you.
You scratch the goblin.
You kill the goblin!
Your Conjurations skill increases to level 1!
There is an open door here.
You see here a goblin corpse.
You butcher the goblin corpse.
c - 3 chunks of flesh
There is an open door here.
You see here a goblin skeleton.
You close the door, pushing everything out of the way.
You see here a goblin skeleton.
Eating one of 3 chunks of flesh.
You eat one of the 3 chunks of flesh.
This raw flesh tastes great.
Eating one of 2 chunks of flesh.
You eat one of the 2 chunks of flesh.
This raw flesh tastes great.
Eating a chunk of flesh.
You eat the chunk of flesh.
This raw flesh tastes great.
You open the door.
There is an open door here.
The hobgoblin is too close now for your liking.
A hobgoblin is nearby!
Aim: a hobgoblin, wielding a +0 club (resting)
The zap hits the hobgoblin.
The hobgoblin shouts!
Aim: a hobgoblin, wielding a +0 club (heavily wounded)
You miscast Shock.
You are very lightly contaminated with residual magic.
Nothing appears to happen.
Aim: a hobgoblin, wielding a +0 club (heavily wounded)
The zap misses the hobgoblin.
Aim: a hobgoblin, wielding a +0 club (heavily wounded)
The zap misses the hobgoblin.
You don't have enough magic to cast that spell.
You barely miss the hobgoblin. The hobgoblin hits you with a +0 club.
Ouch! That really hurt!
* * * LOW HITPOINT WARNING * * *
You scratch the hobgoblin but do no damage.
The hobgoblin misses you.
You scratch the hobgoblin but do no damage.
The hobgoblin hits you with a +0 club.
You die...

##. .. ##..# ## ###
..8 ..#.# .##
..###g...
#._.#..###...#.... #.
#.#..##..........
#..#..##...........
##...'#.......!...+
....##.##.....>......#
.. ###@.####...##.##
#.g## #.#....# #.##
#r####.# ... ..# +
.... ### ..... ...#.
....##


You could see a hobgoblin.

Vanquished Creatures
  2 goblins
2 creatures vanquished.

Notes
Turn   | Place    | Note
-------+----------+-------------------------------------------
     0 | D:1      | vurker the Felid Air Elementalist began the quest for the
                  | Orb.
     0 | D:1      | Reached XP level 1. HP: 7/7 MP: 4/4
   126 | D:1      | You fall into a shaft and drop 1 floor!
   162 | D:1      | Found a glowing golden altar of the Shining One.
   167 | D:1      | Reached skill level 1 in Conjurations
   438 | D:1      | Slain by a hobgoblin

Levels and vault maps discovered:
D:1:      nicolae_arrival_somewhat_less_tricky_arrival, layout_rooms,
          hangedman_decor_growths, minmay_misc_feat_square, tso_metal_star
D:2:      layout_basic

Skill      XL: |  1 |
---------------+----+-----
Conjurations   | 1 |  1.0
Dodging        | |  2.6
Stealth        | |  2.6
Spellcasting   | |  2.0
Air Magic      | |  2.7

Action                   || total
-------------------------++-------
Melee: Unarmed           ||     4
 Cast: Shock             ||     9
  Eat: Chunk             ||     3
Dodge: Dodged            ||    12

Table legend:
 A = Non-vault XP
 B = Vault XP
 C = Vault XP percentage of total XP
 D = Non-vault monster count
 E = Vault monster count
 F = Vault count percentage of total count
                 A         B        C        D         E       F
            +---------+---------+-------+---------+---------+-------
      Total |       3 |       0 |   0.0 |       2 |       0 |   0.0
            +---------+---------+-------+---------+---------+-------
        D:1 |       2 |       0 |   0.0 |       1 |       0 |   0.0
        D:2 |       1 |       0 |   0.0 |       1 |       0 |   0.0
            +---------+---------+-------+---------+---------+-------
